 Dungeon Crawl Stone Soup version 0.31-a0-1227-g0136665373 (webtiles) character file.

Game seed: 8763266582664346158

122 Anonymone the Stinger (level 4, -4/30 HPs)
             Began as a Demonspawn Venom Mage on Dec 15, 2023.
             Slain by a sleepcap (21 damage)
             ... on level 3 of the Dungeon.
             The game lasted 00:05:46 (2793 turns).

Anonymone the Stinger (Demonspawn Venom Mage)       Turns: 2793, Time: 00:05:46

Health: -4/30      AC:  2    Str:  8    XL:     4   Next: 78%
Magic:  6/8        EV:  2    Int: 17    God:
Gold:   137        SH:  0    Dex: 14    Spells: 3/9 levels left

rFire   . . .        i - +0 whip
rCold   . . .        (no shield)
rNeg    . . .        a - +0 robe
rPois   .            (no helmet)
rElec   .            (no cloak)
rCorr   +            (no gloves)
SInv    .            (no boots)
Will    .....        (no amulet)
Stlth   ++           h - ring of resist corrosion
HPRegen 0.25/turn    (no ring)
MPRegen 0.22/turn

%: no passive effects
@: sleeping, very slightly contaminated
A: claws 1, spiny 1, magic regeneration
a: no special abilities


You were on level 3 of the Dungeon.
You visited 1 branch of the dungeon, and saw 3 of its levels.

You collected 137 gold pieces.

Inventory:

Hand Weapons
 i - a +0 whip (weapon)
Armour
 a - a +0 robe (worn)
 l - an orb of energy
Jewellery
 h - a ring of resist corrosion (left claw)
 o - a ring of flight
Wands
 f - a wand of iceblast (8)
Scrolls
 e - a scroll of amnesia {unknown}
 m - a scroll of teleportation {unknown}
Potions
 b - a potion of magic
 c - a potion of heal wounds
 d - a potion of haste
 g - a potion of might {unknown}
 j - a potion of brilliance
 k - a potion of enlightenment
 p - a potion of invisibility


   Skills:
 - Level 1.7 Dodging
 - Level 1.7 Stealth
 + Level 3.0 Spellcasting
 - Level 0.8 Transmutations
 * Level 2.8 Air Magic
 - Level 3.6 Poison Magic


You had 3 spell levels left.
You knew the following spells:

 Your Spells              Type           Power      Damage    Failure   Level
a - Sting                 Tmut/Pois      40%        1d5       7%          1
b - Poisonous Vapours     Pois/Air       26%        N/A       7%          2
c - Mephitic Cloud        Conj/Pois/Air  9%         N/A       22%         3

Your spell library contained the following spells:

 Spells                   Type           Power      Damage    Failure   Level
 Ensorcelled Hibernation  Hex/Ice        4%         N/A       26%         2
 Jinxbite                 Hex            4%         N/A       26%         2
 Olgreb's Toxic Radiance  Pois           14%        N/A       36%         4
 Anguish                  Hex/Necr       1%         N/A       86%         4


Dungeon Overview and Level Annotations

Branches:
Dungeon (3/15)

Altars:

Shops:
D:1 !   D:3 ?


Innate Abilities, Weirdness & Mutations

You have sharp fingernails.
You are partially covered in sharp spines.
You regenerate magic rapidly.


Message History

Found a scroll labelled OTAL ENGUSECOS.
The sting hits the frilled lizard.
The frilled lizard is poisoned.
You kill the frilled lizard!
You can't see any susceptible monsters within range! (Use Z to cast anyway.)
You can't see any susceptible monsters within range! (Use Z to cast anyway.)
Found a hand axe.
m - a scroll labelled OTAL ENGUSECOS
Found a stone staircase leading down.
Found 5 stones.
A sleepcap comes into view.
A sleepcap is nearby!
The sting hits the sleepcap.
The sleepcap partially resists.
The sleepcap is lightly damaged.
The sting hits the sleepcap.
The sleepcap partially resists.
The sleepcap is poisoned.
The sleepcap is lightly damaged.
The sleepcap misses you.
You miscast Sting.
You are very lightly contaminated with residual magic.
Nothing appears to happen.
The sleepcap releases spores at you.
You miscast Sting.
Nothing appears to happen.
The sleepcap is struck by your spines. The sleepcap closely misses you.
A sleepcap is nearby!
You hit the sleepcap but do no damage.
The sleepcap is moderately damaged.
The sleepcap closely misses you. The sleepcap misses you.
You hit the sleepcap but do no damage.
The sleepcap is moderately damaged.
The sleepcap releases spores at you.
You hit the sleepcap.
The sleepcap is heavily damaged.
The sleepcap releases spores at you but does no damage.
You hit the sleepcap but do no damage.
The sleepcap is heavily damaged.
The sleepcap releases spores at you.
You are engulfed in a cloud of soporific spores!
You fall asleep.
The sleepcap releases spores at you!!
Ouch! That really hurt!
You die...

#########.####.
#......##.##...
#......##.##.## #
#............# #.
#.........#### #..
#......####
#.(.#####......#
#..............########
#....f@.>..............
#......................
#.........#####........
...........# #........
.....####### #........
..... #........ ....
.......... ..##
.......#### .....)..#


You could see a sleepcap (poisoned).

Vanquished Creatures
  An iguana (D:2)
  3 adders
  2 worms
  A dart slug (D:2)
  4 orcs (D:3)
  6 ball pythons
  7 bats
  5 endoplasms
  6 giant cockroaches
  2 goblins
  3 hobgoblins
  3 jackals (D:1)
  A quokka (D:2)
  4 frilled lizards
  6 kobolds
  2 rats (D:1)
56 creatures vanquished.

Notes
Turn   | Place    | Note
-------+----------+-------------------------------------------
     0 | D:1      | Anonymone the Demonspawn Venom Mage began the quest for the
                  | Orb.
     0 | D:1      | Reached XP level 1. HP: 13/13 MP: 3/3
   290 | D:1      | Gained mutation: You regenerate magic rapidly. [demonic
                  | ancestry]
   290 | D:1      | Reached XP level 2. HP: 18/19 MP: 1/5
   352 | D:1      | Found a faded altar of an unknown god.
   852 | D:1      | Found Waloopsu's Distillery.
  1070 | D:2      | Learned a level 2 spell: Poisonous Vapours
  1142 | D:2      | Gained mutation: You have sharp fingernails. [demonic
                  | ancestry]
  1142 | D:2      | Reached XP level 3. HP: 24/24 MP: 1/7
  1303 | D:2      | Reached skill level 1 in Air Magic
  1698 | D:2      | Gained mutation: You are partially covered in sharp spines.
                  | [demonic ancestry]
  1698 | D:2      | Reached XP level 4. HP: 18/30 MP: 2/8
  1828 | D:2      | Learned a level 3 spell: Mephitic Cloud
  2163 | D:3      | Found Uzowniapt's Magic Scroll Boutique.
  2793 | D:3      | Slain by a sleepcap

Illustrated notes

Levels and vault maps discovered:
D:1:      enne_arrival_octagon_isle, layout_loops_ring, serial_shops, shop,
          basic_ecumenical_altar
D:2:      layout_basic, grunt_ministairs_10, kennysheep_generic_room_6
D:3:      layout_basic, serial_shops, shop

Skill      XL: |  1  2  3  4 |
---------------+-------------+-----
Air Magic      | 2 |  2.8
Spellcasting   | 3 |  3.0
Dodging        | |  1.7
Stealth        | |  1.7
Transmutations | |  0.8
Poison Magic   | |  3.6

Action                     |  1- 3 |  4- 6 || total
---------------------------+-------+-------++-------
  Melee: Unarmed           |    17 |       ||    17
         Punch             |     1 |       ||     1
         Whip              |     8 |     5 ||    13
   Cast: Sting             |    75 |    43 ||   118
         Poisonous Vapours |     7 |     4 ||    11
    Use: Scroll            |       |     7 ||     7
         Potion            |       |     2 ||     2
 Armour: Robe              |    32 |    17 ||    49
  Dodge: Dodged            |    41 |    27 ||    68

Table legend: (Time is in decaauts)
 A = Elapsed time spent in this place.
 B = Non-inter-level travel time spent in this place.
 C = Inter-level travel time spent in this place.
 D = Time resting spent in this place.
 E = Time spent auto-exploring this place.
 F = Levels seen in this place.
 G = Mean time per level.
                   A        B        C        D        E       F      G
               +--------+--------+--------+--------+--------+-----+--------+
         Total |   2778 |   2728 |     50 |    190 |   2102 |   3 |  926.0 |
       Dungeon |   2778 |   2728 |     50 |    190 |   2102 |   3 |  926.0 |
               +--------+--------+--------+--------+--------+-----+--------+

Top non-repeatable levels by time:
     D:2: 1096 daAuts
     D:1: 1057 daAuts
     D:3: 624 daAuts
